[Event "*** Titled Tuesday Blitz"]
[Site "Chess.com"]
[Date "2018.12.04"]
[Round "7"]
[White "biostatistician"]
[Black "GukeshDommaraju"]
[Result "1-0"]
[WhiteElo "2481"]
[BlackElo "2678"]
[TimeControl "180+2"]
[EndTime "14:38:28 PST"]
[Termination "biostatistician won by resignation"]

1. d4 Nf6 2. Nf3 g6 3. c4 Bg7 4. Nc3 O-O 5. e4 d6 6. Be2 e5 7. dxe5 dxe5 8. Qxd8 Rxd8 9. Bg5 c6 10. Nxe5 Re8 11. O-O-O Na6 12. Rd6 Nxe4 13. Nxe4 Bxe5 14. Nf6+ Bxf6 15. Bxf6 Nc5 16. Bf3 Bf5 17. Rhd1 Be4 18. b4 Bxf3 19. gxf3 Ne6 20. Kc2 a5 21. b5 cxb5 22.
cxb5 Rac8+ 23. Kb2 Rc5 24. a4 Rf5 25. Bc3 Rxf3 26. R1d2 Nc5 27. R6d4 f5 28. Rc4 Ne4 29. Re2 Rxf2 30. Rxf2 Nxf2 31. Bxa5 Ne4 32. Rc7 f4 33. Rxb7 f3 34. Bb6 Nd6 35. Rc7 Re4 36. Kb3 Re2 37. Rd7 Re6 38. Kb4 Ne4 39. a5 f2 40.
Bxf2 Nxf2 41. b6 Re4+ 42. Kb5 Re5+ 43. Kb4 Re4+ 44. Kc5 Re5+ 45. Rd5 Ne4+ 46. Kd4 Re6 47. b7 Re8 48. a6 Nf6 49. a7 Nxd5 50. Kxd5 1-0

[Event "*** Titled Tuesday Blitz"]
[Site "Chess.com"]
[Date "2018.12.04"]
[Round "7"]
[White "sergiochess83"]
[Black "Hikaru"]
[Result "0-1"]
[WhiteElo "2772"]
[BlackElo "3034"]
[TimeControl "180+2"]
[EndTime "14:38:30 PST"]
[Termination "Hikaru won by resignation"]

1. e4 g6 2. d4 Bg7 3. Nf3 d6 4. Bc4 Nf6 5. Qe2 O-O 6. O-O Bg4 7. h3 Bxf3 8. Qxf3 Nc6 9. c3 e5 10. Be3 exd4 11. cxd4 Nd7 12. Rd1 Nb6 13. Bf1 f5 14.
exf5 Rxf5 15. Qg4 d5 16. Nc3 Qd6 17. Nb5 Qd7 18. Bd3 Rf7 19. Qxd7 Rxd7 20. Be2 a6 21. Nc3 Rf8 22. b3 Ne7 23. Bg4 Nf5 24. Bxf5 Rxf5 25. Rac1 c6 26. Ne2 Nc8 27. Nf4 Re7 28. Nd3 Nd6 29.
Re1 Rf8 30. Bf4 Rxe1+ 31. Rxe1 Nf5 32. g4 Nxd4 33. Re7 b6 34. Rxg7+ Kxg7 35. Be5+ Kf7 36. Bxd4 c5 37. Be3 d4 38. Bd2 Ke6 39. Kg2 Kd5 40. Nf4+ Kd6 41. Ne2 Re8 42. Kf3 a5 43. a4 Kc6 44.
Nf4 b5 45. axb5+ Kxb5 46. Nd3 c4 47. bxc4+ Kxc4 48. Nf4 a4 49. Bc1 d3 50. Ng2 a3 51.
Ne3+ Kb3 0-1

[Event "*** Titled Tuesday Blitz"]
[Site "Chess.com"]
[Date "2018.12.04"]
[Round "7"]
[White "SantoBlue"]
[Black "OparinGrigoriy"]
[Result "1-0"]
[WhiteElo "2735"]
[BlackElo "2929"]
[TimeControl "180+2"]
[EndTime "14:38:31 PST"]
[Termination "SantoBlue won by resignation"]

1. e4 c6 2. d4 d5 3. Nc3 dxe4 4. Nxe4 Nf6 5. Nxf6+ exf6 6. c3 Bd6 7. Bd3 O-O 8.
Qc2 Re8+ 9. Ne2 h5 10. Be3 Nd7 11. O-O-O Nf8 12. Ng3 h4 13. Ne4 Be6 14. Nxd6 Qxd6 15.
c4 b5 16. c5 Qd7 17. Kb1 a5 18. Rhg1 a4 19. Qd2 Bd5 20. g4 Qe6 21. a3 Be4 22. g5 f5 23. Bf4 Qd5 24. Be5 Ng6 25. Bxe4 Qxe4+ 26. Ka1 Nxe5 27. Rge1 Qd5 28. dxe5 Qxc5 29. Qf4 g6 30. e6 fxe6 31. Rd7 Ra7 32. Rxa7 Qxa7 33.
Qd6 Qxf2 34. Rc1 Qa7 35. Rxc6 Qe7 36. Qe5 Qg7 37. Qxb5 Qd7 38. Qxa4 f4 39. Qc4 f3 40.
Qc2 Qd1+ 41. Qxd1 Rf8 42. Rc1 f2 43. Qd3 1-0

[Event "*** Titled Tuesday Blitz"]
[Site "Chess.com"]
[Date "2018.12.04"]
[Round "7"]
[White "NemtsevIgor"]
[Black "LuisFSiles"]
[Result "0-1"]
[WhiteElo "2328"]
[BlackElo "2226"]
[TimeControl "180+2"]
[EndTime "14:38:34 PST"]
[Termination "LuisFSiles won by resignation"]

1. d4 Nf6 2. Bf4 g6 3. Nf3 Bg7 4. e3 O-O 5. Be2 d6 6. O-O b6 7. a4 a6 8. a5 b5 9. c4 bxc4 10.
Bxc4 Bb7 11. Nc3 Nbd7 12. h3 e6 13. Qe2 Qe7 14. Bg3 Nd5 15. Nxd5 exd5 16. Bd3 Nf6 17.
Bh4 Qd7 18. Bxf6 Bxf6 19. Rfc1 Rfc8 20. Nh2 c5 21. Nf3 c4 22. Bc2 Bc6 23. Nh2 Rab8 24. Ra2 Rb4 25. Ng4 Bg7 26. Qf3 f5 27. Nh2 Rcb8 28. g4 fxg4 29. Nxg4 Rxb2 30. Rxb2 Rxb2 31. h4 Rb8 32. h5 Rf8 33. Qh3 Qf7 34. hxg6 hxg6 35.
Qg3 Bd7 36. Nh2 Bf5 37. f4 Bxc2 38. Rxc2 Rb8 39. Ng4 Rb1+ 40. Kg2 Qf5 41. Rf2 c3 42. Qh4 Kf7 43. Nh6+ Bxh6 44. Qxh6 Qg4+ 45. Kh2 Qg1+ 46. Kh3 Qh1+ 47. Kg3 Qxh6 0-1

[Event "*** Titled Tuesday Blitz"]
[Site "Chess.com"]
[Date "2018.12.04"]
[Round "7"]
[White "penguingm1"]
[Black "David_Paravyan"]
[Result "1-0"]
[WhiteElo "2790"]
[BlackElo "2827"]
[TimeControl "180+2"]
[EndTime "14:38:40 PST"]
[Termination "penguingm1 won by resignation"]

1. d4 Nf6 2. c4 g6 3. f3 e6 4. e4 c5 5. d5 d6 6. Nc3 Bg7 7. Nge2 exd5 8. cxd5 O-O 9. Ng3 a6 10. a4 Nbd7 11. Be2 Re8 12. O-O Rb8 13. Bg5 h6 14.
Be3 h5 15. Bg5 Qc7 16. Qd2 c4 17. Rac1 b5 18. axb5 axb5 19. b4 Nh7 20. Be3 Ne5 21. f4 Ng4 22. Bd4 Bd7 23. h3 Bxd4+ 24. Qxd4 Ngf6 25.
Ra1 Qb6 26. Qxb6 Rxb6 27. Bf3 h4 28. Nge2 g5 29. f5 g4 30. hxg4 Ng5 31. Ra7 h3 32. gxh3 Nxh3+ 33. Kg2 Ng5 34. Ng3 Kg7 35. Rfa1 Rh8 36. R1a6 Rxa6 37. Rxa6 Ne8 38. Nh5+ Kf8 39.
Ra7 Ke7 40. Nxb5 Rg8 41. f6+ Nxf6 42. Nxf6 Kxf6 43. Rxd7 Rb8 44. Nxd6 Rxb4 45. e5+ Kxe5 46. Nxf7+ Nxf7 47. Rxf7 c3 48. Rc7 Kd4 49. d6 Kd3 50.
Kf2 c2 51. d7 Rd4 52. Ke1 Rd6 53. Be2+ 1-0

[Event "*** Titled Tuesday Blitz"]
[Site "Chess.com"]
[Date "2018.12.04"]
[Round "7"]
[White "AkibaRubi"]
[Black "Durarbayli"]
[Result "1/2-1/2"]
[WhiteElo "2571"]
[BlackElo "2700"]
[TimeControl "180+2"]
[EndTime "14:38:40 PST"]
[Termination "Game drawn by repetition"]

1. c4 c5 2. Nf3 Nc6 3. b3 g6 4. Bb2 Nf6 5. g3 Bg7 6. Bg2 O-O 7. d4 d5 8. cxd5 Nxd5 9. Qd2 cxd4 10. Nxd4 Ndb4 11. Bxc6 Nxc6 12. Nxc6 Qxd2+ 13. Nxd2 Bxb2 14. Nxe7+ Kg7 15. Rb1 Bc3 16. Nd5 Bxd2+ 17. Kxd2 Bf5 18. f3 Bxb1 19. Rxb1 f5 20. Rc1 Rad8 21. e4 fxe4 22. fxe4 Rf2+ 23. Ke3 Rxh2 24. Rc7+ Kh6 25. Rxb7 Rxa2 26.
Nf6 Rh8 27. Kf4 g5+ 28. Ke5 Kg6 29. Nd5 Re8+ 30. Kd4 h5 31. Ne7+ Kf6 32. Nd5+ Kg6 33. Ne7+ Rxe7 34. Rxe7 h4 35. gxh4 gxh4 36. Re8 Ra5 37.
e5 Rb5 38. Rh8 Kg7 39. Rh5 Rxb3 40. Kd5 h3 41. e6 a5 42. e7 Kf7 43. Rh7+ Ke8 44.
Kd6 Rd3+ 45. Ke6 Re3+ 46. Kd6 Rd3+ 47. Ke6 Re3+ 48. Kd6 Rd3+ 49. Ke6 Re3+ 50. Kd6 Rd3+ 51. Ke6 1/2-1/2

[Event "*** Titled Tuesday Blitz"]
[Site "Chess.com"]
[Date "2018.12.04"]
[Round "7"]
[White "NeverEverForever1990"]
[Black "bubacik"]
[Result "1-0"]
[WhiteElo "2454"]
[BlackElo "2659"]
[TimeControl "180+2"]
[EndTime "14:38:40 PST"]
[Termination "NeverEverForever1990 won by resignation"]

1. d4 e6 2. c4 Nf6 3. Nf3 Bb4+ 4. Bd2 c5 5. Bxb4 cxb4 6. g3 O-O 7. Bg2 d6 8. O-O Nc6 9. a3 bxa3 10. Rxa3 e5 11. Nc3 a5 12. dxe5 dxe5 13. Qb1 Be6 14. Rd1 Qe7 15. Nd5 Bxd5 16. cxd5 Nb4 17. Re3 e4 18. d6 Qd7 19. Ne5 Qb5 20. Bxe4 Rae8 21. Bd3 Qc5 22. Rc1 Qxd6 23. Nc4 Qd4 24. Rxe8 Rxe8 25. Nxa5 Ng4 26. Rf1 Nxd3 27. Qxd3 Qxd3 28. exd3 Re2 29. Nxb7 Rxb2 30.
Nc5 g5 31. Ne4 h6 32. h3 Ne5 33. Rd1 Kg7 34. Kg2 f5 35. Nd6 Kg6 36. Nc4 Nxc4 37. dxc4 Rc2 38. Rd6+ Kg7 39. Rc6 g4 40. hxg4 fxg4 41.
Kf1 h5 42. Ke1 Kh7 43. Rc5 Kg6 44. Rc6+ Kf5 45. Rc5+ Ke4 46. Rxh5 Rxc4 47. Kf1 Kd3 48. Rf5 Re4 49. Kg2 Ke2 50. Rf4 Re6 51. Rxg4 Rf6 52. Rf4 Rg6 53. g4 Kd3 54. Kg3 Ke2 55. f3 Kf1 56. Re4 Ra6 57. g5 Ra5 58. g6 Rg5+ 59. Rg4 Rh5 60. g7 Kg1 61. g8=Q Kh1 62. Rh4+ 1-0

[Event "*** Titled Tuesday Blitz"]
[Site "Chess.com"]
[Date "2018.12.04"]
[Round "7"]
[White "TheRigos"]
[Black "KRASAVCHIK2002"]
[Result "1-0"]
[WhiteElo "2421"]
[BlackElo "2379"]
[TimeControl "180+2"]
[EndTime "14:38:41 PST"]
[Termination "TheRigos won by resignation"]

1. e4 c5 2. Nf3 d6 3. d4 cxd4 4.
Nxd4 Nf6 5. Nc3 a6 6. f4 e5 7.
Nf3 Qc7 8. Bd3 Be7 9. a4 O-O 10. O-O Nbd7 11. Kh1 b6 12. Qe1 exf4 13. Bxf4 Ne5 14.
Rd1 Be6 15. Nd4 Rfe8 16. Bg5 Nfd7 17. Bf4 Bf6 18. Qf2 Ng4 19. Qg1 Qc5 20. Be2 Nge5 21.
Nxe6 fxe6 22. Qxc5 dxc5 23. Rd6 Re7 24. Rfd1 Ra7 25. h3 h6 26. Bh5 g6 27. Be2 g5 28.
Be3 Kf7 29. Bh5+ Kg7 30. Rf1 Nf7 31. Rdd1 Nfe5 32. b3 Nc6 33. Ne2 Nde5 34. Ng3 Red7 35. Be2 Kg6 36. Bh5+ Kg7 37. Rde1 Nd4 38. Be8 Nxc2 39.
Nh5+ Kf8 40. Bxd7 Nxd7 41. Nxf6 Nxf6 42. Re2 Nxe3 43. Rxe3 Kg7 44. Ref3 Nxe4 45. Re3 Nd2 46. Rd1 Nxb3 47. Rxb3 1-0

[Event "*** Titled Tuesday Blitz"]
[Site "Chess.com"]
[Date "2018.12.04"]
[Round "7"]
[White "MerdeNoms943"]
[Black "silverback96"]
[Result "1-0"]
[WhiteElo "2329"]
[BlackElo "2149"]
[TimeControl "180+2"]
[EndTime "14:38:43 PST"]
[Termination "MerdeNoms943 won on time"]

1. e4 c5 2. Nf3 Nc6 3. d4 cxd4 4.
Nxd4 Nf6 5. Nc3 e5 6. Ndb5 d6 7. Bg5 a6 8. Na3 b5 9. Bxf6 gxf6 10. Nd5 f5 11. Bd3 Be6 12. c3 Bg7 13. Nxb5 O-O 14. Nbc7 Ra7 15. exf5 Bc8 16. f6 Rxc7 17. Qh5 h6 18. fxg7 Kxg7 19. Nxc7 Qxc7 20. O-O f5 21. f4 e4 22. Bc4 Ne7 23. Bb3 Ng6 24. Rae1 Qb6+ 25.
Kh1 Bb7 26. Qh3 a5 27. Re3 Bc6 28. Be6 Rf6 29. Bb3 a4 30. Bd1 Qxb2 31. Bh5 Nxf4 32. Rg3+ Kh7 33. Qh4 Nd5 34. c4 Nb6 35. h3 Nxc4 36.
Rxf5 Qa1+ 37. Kh2 Re6 38. Rf7+ Kh8 39. Qd8+ Be8 40. Rf8+ Kh7 41. Qc7+ 1-0

[Event "*** Titled Tuesday Blitz"]
[Site "Chess.com"]
[Date "2018.12.04"]
[Round "7"]
[White "wadsy27"]
[Black "snowlord"]
[Result "1-0"]
[WhiteElo "2426"]
[BlackElo "2615"]
[TimeControl "180+2"]
[EndTime "14:38:43 PST"]
[Termination "wadsy27 won by resignation"]

1. c4 c5 2. g3 Nc6 3. Bg2 g6 4. Nc3 Bg7 5. Nf3 e6 6. d3 d6 7. Rb1 Nge7 8. Bg5 h6 9. Bd2 O-O 10. O-O b6 11. Qc1 Kh7 12. a3 Bb7 13. b4 Qd7 14. h4 Nd4 15. Nxd4 cxd4 16. Nd1 Bxg2 17. Kxg2 b5 18. e4 bxc4 19. Qxc4 Rac8 20. Qb3 d5 21. f3 dxe4 22. fxe4 Nc6 23. Nf2 Ne5 24. Rfc1 Qb7 25. Rxc8 Rxc8 26. Rc1 Rxc1 27. Bxc1 Qc6 28. Bb2 h5 29. Bxd4 Ng4 30. Bxg7 Nxf2 31. Kxf2 Kxg7 32.
Qc4 Qd6 33. d4 Kg8 34. Qc8+ Kg7 35. Qc5 Qa6 36. b5 Qa4 37. d5 Qxe4 38. d6 Qd3 39.
Qxa7 Qxd6 40. Qe3 Qd5 41. b6 Qa2+ 42. Kf3 Qb1 43. Qd4+ Kg8 44. a4 Qb3+ 45. Kf2 Qc2+ 46. Ke3 Qc1+ 47. Kd3 Qd1+ 48. Kc4 Qxa4+ 49. Kc5 Qb3 50.
Kc6 Qxg3 51. b7 Kh7 52. Qd6 Qc3+ 53. Kd7 Qc4 54. b8=Q Qa4+ 55. Ke7 Qxh4+ 56. Kxf7 Qf2+ 57. Qf4 1-0

[Event "*** Titled Tuesday Blitz"]
[Site "Chess.com"]
[Date "2018.12.04"]
[Round "7"]
[White "GhostOfGreenval"]
[Black "KenanGarayev"]
[Result "1/2-1/2"]
[WhiteElo "2846"]
[BlackElo "2769"]
[TimeControl "180+2"]
[EndTime "14:38:49 PST"]
[Termination "Game drawn by repetition"]

1. e4 c5 2. Nf3 Nf6 3. Nc3 d5 4. exd5 Nxd5 5. Bc4 e6 6. O-O Be7 7. d4 O-O 8. Re1 Nxc3 9. bxc3 Nc6 10.
Be3 Qa5 11. Qd3 Rd8 12. Bd2 Qc7 13. Qe4 cxd4 14. Bd3 f5 15. Qe2 Bf6 16. cxd4 Nxd4 17. Nxd4 Bxd4 18. Rad1 Bf6 19. Bc4 Rd4 20. Bxe6+ Bxe6 21.
Qxe6+ Qf7 22. Qxf7+ Kxf7 23. Be3 Rxd1 24. Rxd1 Ke6 25.
Kf1 b6 26. Ke2 Rc8 27. Kd2 Rc4 28. Re1 Kf7 29. Kc1 Ra4 30. Kb1 Rb4+ 31. Kc1 Bb2+ 32. Kd1 Ra4 33. Re2 Bc3 34. Bg5 Rxa2 35. Re7+ Kg6 36.
Be3 f4 37. Bd2 Bf6 38. Re4 f3 39. gxf3 Ra1+ 40. Ke2 Rh1 41. Ra4 a5 42. Be3 Rb1 43. c4 Bc3 44. Kd3 Be1 45. Kc2 b5 46. Ra3 Rb4 47.
Kd1 Rb1+ 48. Kc2 Rb4 49. Kd1 Rb1+ 50. Kc2 Rb4 51. Kd1 Rb1+ 52. Kc2 Rb4 53. Kd1 Rb1+ 54. Kc2 1/2-1/2

[Event "*** Titled Tuesday Blitz"]
[Site "Chess.com"]
[Date "2018.12.04"]
[Round "7"]
[White "StephenDedalus83"]
[Black "TigranLPetrosyan"]
[Result "1-0"]
[WhiteElo "2750"]
[BlackElo "2806"]
[TimeControl "180+2"]
[EndTime "14:38:49 PST"]
[Termination "StephenDedalus83 won by resignation"]

1. e4 g6 2. d4 Bg7 3. Nc3 a6 4. h4 b5 5. h5 Bb7 6. h6 Bf8 7.
Nf3 d6 8. Bg5 Nd7 9. Qd2 f6 10.
Be3 e5 11. dxe5 fxe5 12. Ng5 Qe7 13. Nd5 Bxd5 14. Qxd5 Rb8 15. Ne6 Ndf6 16. Qc6+ Qd7 17. Nxc7+ Kd8 18. Qxd7+ Kxd7 19. Nxa6 Rb7 20. f3 d5 21.
exd5 Nxd5 22. O-O-O Ke6 23. Nc5+ Bxc5 24. Bxc5 Ngf6 25. g3 Rc7 26. Bf2 Ra8 27. Kb1 b4 28.
Rh4 Rc6 29. Bc4 g5 30. Re4 Ra5 31. Bb3 g4 32. Bd4 gxf3 33. Rxe5+ Kf7 34. Rf5 Kg6 35. Rxf3 Ne4 36. Bg7 Rcc5 37. Rfd3 Nb6 38. Rd6+ Nxd6 39. Rxd6+ Kh5 40. Rxb6 Rf5 41. a4 bxa3 42. bxa3 Rxa3 43. Rb4 Rf1+ 44. Kb2 Raa1 45. g4+ Kg5 46. Kc3 Ra6 47.
Bc4 Rc6 48. Kb2 Rf4 49. Kb3 Rxg4 50. Bd3 Rxb4+ 51. Kxb4 Kf4 52. Bxh7 1-0

[Event "*** Titled Tuesday Blitz"]
[Site "Chess.com"]
[Date "2018.12.04"]
[Round "7"]
[White "Orest_Vovk"]
[Black "Vuk2000"]
[Result "0-1"]
[WhiteElo "2420"]
[BlackElo "2654"]
[TimeControl "180+2"]
[EndTime "14:38:49 PST"]
[Termination "Vuk2000 won by resignation"]

1. g4 d5 2. Bg2 c6 3. h3 e5 4.
d4 Bd6 5. c4 dxc4 6. dxe5 Bxe5 7. Qxd8+ Kxd8 8. Nf3 Bd6 9. O-O Nf6 10. Nbd2 b5 11. Nd4 a6 12. Nxc6+ Nxc6 13. Bxc6 Rb8 14. Bg2 h6 15. a4 Bb7 16. axb5 Bxg2 17. Kxg2 axb5 18.
Ra6 Ke7 19. Ra7+ Nd7 20. Ne4 Ra8 21. Rb7 Rhb8 22. Nxd6 Rxb7 23. Nxb7 Ra7 24. Nc5 Nxc5 25. Be3 Rc7 26. Rd1 Na4 27. Bd4 Rd7 28. e3 Nxb2 29. Rb1 Rxd4 30. exd4 c3 31. Rc1 b4 32. Kf1 Kd6 33.
Ke2 Kd5 34. Ra1 b3 35. Ra7 c2 36. Kd2 Nd3 37. Ra5+ Ke6 38. Ra6+ Kd7 39. Ra7+ Kc8 40. Ra8+ Kb7 41. Kxd3 c1=Q 42. Rf8 Qc2+ 43. Ke3 Qc3+ 44. Ke4 Qc2+ 45. Ke3 b2 46. Rxf7+ Kc6 47. Rxg7 b1=Q 0-1

[Event "*** Titled Tuesday Blitz"]
[Site "Chess.com"]
[Date "2018.12.04"]
[Round "7"]
[White "AndrewDGreen"]
[Black "Jooonaaas1996"]
[Result "0-1"]
[WhiteElo "2230"]
[BlackElo "2300"]
[TimeControl "180+2"]
[EndTime "14:38:52 PST"]
[Termination "Jooonaaas1996 won by resignation"]

1. d4 Nf6 2. Nf3 d5 3. Bf4 c5 4. e3 Nc6 5. Nbd2 Bf5 6. dxc5 e6 7. Nd4 Bxc5 8. Nxf5 exf5 9. c3 O-O 10. Bd3 Ne4 11. O-O Re8 12. Nb3 Bb6 13. Nd4 g6 14.
Kh1 Rc8 15. h3 Ne5 16. Nb5 a6 17. Bxe5 Rxe5 18. Nd4 Re7 19. Bc2 Nc5 20. Qf3 Ne4 21. Rad1 Rd7 22. Bb3 Qf6 23. Qe2 Rcd8 24. Nf3 g5 25.
Nd4 h6 26. Qf3 Bxd4 27. Rxd4 Kg7 28. Rfd1 Qe5 29. c4 Rd6 30. cxd5 Nf6 31. R1d2 b5 32. a3 Ne4 33. Rd1 Nf6 34. Bc2 Rxd5 35. Rxd5 Rxd5 36. Rxd5 Nxd5 37. Bxf5 Nf6 38. b4 Qa1+ 39. Kh2 Qxa3 40.
Qc6 Qxb4 41. Qxa6 Qc5 42. Bd3 b4 43. Qc4 Qxc4 44. Bxc4 Ne4 45. Bd3 Nxf2 46. Bb1 Nd1 47. Kg3 Nxe3 48. Kf3 Nd5 49. Ke2 Nc3+ 0-1

[Event "*** Titled Tuesday Blitz"]
[Site "Chess.com"]
[Date "2018.12.04"]
[Round "7"]
[White "nailbeshirli"]
[Black "Robert_Chessmood"]
[Result "1-0"]
[WhiteElo "2607"]
[BlackElo "2921"]
[TimeControl "180+2"]
[EndTime "14:38:53 PST"]
[Termination "nailbeshirli won on time"]

1. e3 e5 2. c4 Nf6 3. Nc3 Bb4 4. Nge2 O-O 5. a3 Be7 6. d4 exd4 7. Nxd4 d5 8. cxd5 Nxd5 9. Bd3 Nxc3 10. bxc3 Bf6 11.
O-O Nd7 12. Qc2 g6 13. a4 Nc5 14. Bc4 Qe7 15. Ba3 b6 16. Bd5 Rb8 17. Nc6 Qd6 18. Rad1 Rb7 19. Bxf7+ Rxf7 20. Rxd6 cxd6 21. Bxc5 bxc5 22.
Rd1 Rfd7 23. e4 Kg7 24. f4 Rb6 25. e5 dxe5 26. Rxd7+ Bxd7 27. Nxe5 Be6 28. h3 Rb7 29. Qe4 Rc7 30. g4 c4 31. g5 Bd8 32. Qd4 Be7 33.
Ng4+ Kf7 34. Qh8 Bxg4 35. Qxh7+ Kf8 36. Qh8+ Kf7 37. hxg4 Bf8 38. f5 Bg7 39. Qh7 gxf5 40. gxf5 Rc5 41. Qg6+ Kf8 42. f6 Bh8 43. Qh6+ Kg8 44. g6 Rc7 45. f7+ Rxf7 46. gxf7+ Kxf7 47. Qxh8 a5 48. Qd4 Ke6 49. Qxc4+ Kd6 50. Qb5 Kc7 51. c4 1-0

[Event "*** Titled Tuesday Blitz"]
[Site "Chess.com"]
[Date "2018.12.04"]
[Round "7"]
[White "GMKrikor"]
[Black "Ali_rastbod"]
[Result "1/2-1/2"]
[WhiteElo "2665"]
[BlackElo "2587"]
[TimeControl "180+2"]
[EndTime "14:38:56 PST"]
[Termination "Game drawn by stalemate"]

1. e4 e6 2. d4 d5 3. Nd2 Nc6 4. Ngf3 Nf6 5. e5 Nd7 6. Nb3 f6 7. Bb5 a6 8. Bxc6 bxc6 9. Na5 Nb8 10. O-O c5 11. Re1 f5 12. c4 c6 13. Nb3 cxd4 14. cxd5 Qxd5 15. Qxd4 Qxd4 16. Nfxd4 c5 17. Ne2 Nc6 18. Be3 c4 19. Nc5 Nxe5 20. Nf4 Kf7 21. Nfxe6 Bxe6 22. Nxe6 Kxe6 23. Bd4 Bd6 24. Bxe5 Bxe5 25. f4 Rhb8 26. Rxe5+ Kf6 27. Rc1 Rxb2 28. Rxc4 Rxa2 29. Rc6+ Kf7 30. Rxf5+ Kg8 31. Rc7 Rf8 32. Rxf8+ Kxf8 33. h4 a5 34. Kh2 a4 35. h5 a3 36.
Ra7 Ra1 37. Kg3 a2 38. Kh2 Ke8 39. g3 Kd8 40. Kg2 Kc8 41. Kh2 Kb8 42. Ra3 Kb7 43. Kg2 Kb6 44. Ra4 Kb5 45. Ra7 Kb4 46. g4 Kb3 47.
Rb7+ Kc4 48. Ra7 Kd4 49. f5 Ke5 50. Ra5+ Kf6 51. Kh2 Kg5 52. Ra4 Rf1 53. Rxa2 Kxg4 54. Rg2+ Kxh5 55. Rxg7 h6 56. Rf7 Kg5 57. Kg3 h5 58. Kg2 Rxf5 59. Rxf5+ Kxf5 60. Kh1 Kg4 61. Kg1 h4 62. Kh1 h3 63. Kg1 Kg3 64. Kh1 h2 1/2-1/2

[Event "*** Titled Tuesday Blitz"]
[Site "Chess.com"]
[Date "2018.12.04"]
[Round "7"]
[White "Karina_Oparina"]
[Black "WorldChampionBulletChess"]
[Result "0-1"]
[WhiteElo "2104"]
[BlackElo "2122"]
[TimeControl "180+2"]
[EndTime "14:38:56 PST"]
[Termination "WorldChampionBulletChess won by checkmate"]

1. Nf3 d5 2. g3 c5 3. c4 d4 4. d3 Nc6 5. Bg2 Nf6 6. O-O Bg4 7. e4 dxe3 8. Bxe3 e5 9. h3 Bh5 10. Nc3 Be7 11. Ne4 Nd4 12. g4 Bg6 13. Nxe5 O-O 14. Nxg6 hxg6 15. Nxf6+ Bxf6 16. Qd2 Re8 17. Rad1 Qd7 18.
Rfe1 Rad8 19. b3 b6 20. f4 Re7 21. Bf2 Rxe1+ 22. Rxe1 b5 23. g5 Be7 24. Kh2 Nf5 25. Be4 Bd6 26. Bg3 Nd4 27. Kg2 Qc7 28. Qf2 a6 29.
Bd5 Nf5 30. Bh2 b4 31. Qf3 a5 32.
Qf2 Qd7 33. Re4 a4 34. Re1 axb3 35. axb3 Nd4 36. Rb1 Qf5 37. Be4 Qc8 38. Rb2 Qb8 39.
Bd5 Nf5 40. Bg3 Qa7 41. Ra2 Qe7 42. Qe2 Qc7 43. Qe4 Qd7 44. Bf2 Re8 45. Qf3 Qc7 46. Ra6 Bxf4 47. Rxg6 Be3 48. Rc6 Bxf2 49. Qxf5 Qg3+ 50.
Kf1 Qg1# 0-1

[Event "*** Titled Tuesday Blitz"]
[Site "Chess.com"]
[Date "2018.12.04"]
[Round "7"]
[White "DishonorOnYourCow"]
[Black "Godzillator"]
[Result "0-1"]
[WhiteElo "2229"]
[BlackElo "2367"]
[TimeControl "180+2"]
[EndTime "14:39:02 PST"]
[Termination "Godzillator won on time"]

1. d4 d5 2. c4 c6 3. cxd5 cxd5 4. Nf3 Nf6 5. Bf4 a6 6. Nc3 Nc6 7. e3 Bg4 8. Bd3 Bxf3 9. Qxf3 e6 10. O-O Bd6 11.
Rac1 Bxf4 12. Qxf4 O-O 13. Na4 Nd7 14. Qf3 Qa5 15.
b3 Rfc8 16. Qh5 g6 17. Qe2 b5 18. Nc5 Nxc5 19. Rxc5 Nb4 20. Bb1 Rxc5 21. dxc5 Rc8 22. Rc1 Qa3 23. Qd2 Rc6 24. h3 h5 25. e4 dxe4 26.
Bxe4 Rc8 27. c6 Nd5 28. Bxd5 exd5 29. c7 Qd6 30. Qc2 d4 31. Qe4 d3 32. Rd1 Rxc7 33.
Qxd3 Qxd3 34. Rxd3 Rc2 35. a4 bxa4 36. bxa4 Rc4 37.
Ra3 Rc1+ 38. Kh2 h4 39. g3 Rc4 40. Kg2 Kg7 41. Kf3 hxg3 42. fxg3 a5 43. Ke3 f5 44.
Kd3 Rb4 45. Ke3 g5 46. Kf3 Kg6 47. Ke3 f4+ 48. gxf4 Rxf4 49. Ra1 Kh5 50. Ra2 Kh4 51. Ra1 Kxh3 52. Rh1+ Kg2 53. Rh5 Rf5 54. Ke4 Rc5 55. Kd4 Rf5 56. Ke4 Rf4+ 57. Ke3 Rg4 58. Rh8 Rxa4 59.
Rg8 g4 60. Ra8 g3 61. Rb8 Ra3+ 62. Kf4 Ra2 63. Rb3 Ra4+ 64. Kf5 Kh2 65. Rb8 g2 66.
Rh8+ Kg3 67. Rg8+ Kh3 68. Ke5 Rg4 0-1

[Event "*** Titled Tuesday Blitz"]
[Site "Chess.com"]
[Date "2018.12.04"]
[Round "7"]
[White "731291"]
[Black "nubair1198"]
[Result "1-0"]
[WhiteElo "2605"]
[BlackElo "2610"]
[TimeControl "180+2"]
[EndTime "14:39:03 PST"]
[Termination "731291 won by resignation"]

1. Nf3 d5 2. g3 Nf6 3. Bg2 c5 4. O-O Nc6 5. d4 e6 6. b3 Be7 7. Bb2 O-O 8. Nbd2 cxd4 9. Nxd4 Nxd4 10. Bxd4 Bd7 11. Qc1 Qa5 12. a3 Rfc8 13. c4 e5 14. Bxe5 dxc4 15. Bc3 Qa6 16. bxc4 Bg4 17. Re1 Rc7 18.
Qb2 Rac8 19. h3 Be6 20. Be5 Rd7 21. Ne4 Nxe4 22. Bxe4 f6 23. Bf4 Rxc4 24. Bd3 Bxh3 25. Bxc4+ Qxc4 26. Qa2 Be6 27. Qxc4 Bxc4 28. Red1 Rxd1+ 29. Rxd1 g5 30. Be3 Bxe2 31. Rd7 Bxa3 32. Rxb7 a5 33.
Ra7 Bb4 34. Bd4 f5 35. Rg7+ Kf8 36. Rxh7 a4 37. Rb7 Bd6 38. Ra7 a3 39. Be3 Bc4 40.
Bxg5 a2 41. Bf4 Bc5 42. Ra8+ Ke7 43. Be5 Ke6 44. Ba1 Kd5 45. Rd8+ Ke4 46. Kg2 Bb6 47. Rd6 Bc5 48. f3+ Ke3 49. Rc6 Bd4 50. Rxc4 Bxa1 51.
Ra4 Bg7 52. Rxa2 Kd4 53. Ra7 Bh6 54. Re7 Bg5 55. Re8 Kd5 56. Kf1 Kd6 57. Ke2 Kd7 58.
Re5 f4 59. Rxg5 fxg3 60. Rxg3 Ke6 61. Rg4 Kf5 62. Re4 1-0

[Event "*** Titled Tuesday Blitz"]
[Site "Chess.com"]
[Date "2018.12.04"]
[Round "7"]
[White "Schachmalanders"]
[Black "MFBerna"]
[Result "0-1"]
[WhiteElo "2293"]
[BlackElo "2371"]
[TimeControl "180+2"]
[EndTime "14:39:04 PST"]
[Termination "MFBerna won by checkmate"]

1. e4 c6 2. Nf3 d5 3. exd5 cxd5 4.
Ne5 Nc6 5. Bb5 Bd7 6. Nxd7 Qxd7 7.
d4 Nf6 8. O-O a6 9. Ba4 e6 10.
c3 Bd6 11. Bc2 O-O 12. Bg5 Ne4 13. Bh4 f5 14. f3 Nf6 15. Nd2 Rae8 16. Re1 e5 17.
dxe5 Nxe5 18. Bf2 Kh8 19. Nb3 g6 20. Qd4 Nc6 21. Qd2 Bb8 22. Nc5 Qd6 23. g3 Ne5 24.
Kg2 Qc6 25. Nb3 Nxf3 26. Rxe8 Rxe8 27. Qd3 Ne5 28. Qd4 Bc7 29. Kf1 Kg8 30. Re1 Nf3 31. Rxe8+ Nxe8 32. Qc5 Nxh2+ 33. Kg2 Ng4 34. Bd4 Qe6 35. Bd1 Bd6 36. Qb6 Qe4+ 37. Bf3 Qc2+ 38. Bf2 Qxf2+ 39. Qxf2 Nxf2 40. Kxf2 Nc7 41. Nd4 Kf7 42.
Ke2 Bxg3 43. c4 Be5 44. Kd3 dxc4+ 45. Kxc4 Bxd4 46. Kxd4 b6 47. Ke5 Ke7 48. Bg2 h5 49.
Bh1 h4 50. Bg2 Ne6 51. Bb7 Nc5 52. Bh1 Ne4 53. Kf4 Kf6 54. Bxe4 fxe4 55. Kxe4 g5 56. Kd5 h3 57. Kc6 h2 58. Kxb6 h1=Q 59. Kxa6 Qc6+ 60. Ka5 Qa8+ 61. Kb4 Qxa2 62. Kc3 Kf5 63. b4 Kf4 64.
Kd4 Qb2+ 65. Kc5 g4 66. b5 g3 67. b6 g2 68. b7 g1=Q+ 69. Kc6 Qgg2+ 70. Kd6 Qbxb7 71. Kc5 Qbc6+ 72. Kd4 Qge4# 0-1

[Event "*** Titled Tuesday Blitz"]
[Site "Chess.com"]
[Date "2018.12.04"]
[Round "7"]
[White "capatl"]
[Black "amintabatabaei"]
[Result "0-1"]
[WhiteElo "2554"]
[BlackElo "2728"]
[TimeControl "180+2"]
[EndTime "14:39:08 PST"]
[Termination "amintabatabaei won by resignation"]

1. c4 e6 2. Nc3 d5 3. cxd5 exd5 4.
d4 c6 5. Nf3 Nf6 6. Bg5 Be7 7.
e3 Bf5 8. Qb3 Qb6 9. Nd2 Nbd7 10. Na4 Qxb3 11. Nxb3 O-O 12. Bxf6 Nxf6 13. Nac5 Rab8 14.
Bd3 Bxd3 15. Nxd3 Ne4 16. Nd2 Nd6 17. Rc1 Rfe8 18. Nc5 h5 19. Ke2 Ra8 20. Kd3 g6 21.
a3 a5 22. Nd7 Kg7 23. Nb6 Ra6 24.
Na4 Nc4 25. Kc2 b5 26. Nxc4 dxc4 27. Nc3 b4 28. Nb1 c5 29. d5 Bf6 30. Nd2 c3 31. bxc3 Bxc3 32. Nc4 a4 33. Rcd1 Bf6 34. f3 b3+ 35. Kb1 Rd8 36. e4 Bd4 37. Rd3 f5 38.
Rhd1 fxe4 39. fxe4 Rf6 40. e5 Rf2 41. d6 Kf7 42.
Rf3+ Rxf3 43. gxf3 Ke6 44. f4 Rf8 45. Nb6 Rxf4 46.
d7 Rf8 47. Kc1 Rd8 48. Rd3 Kxe5 49. Nxa4 c4 50. Rd1 Rxd7 51. Nb6 Rc7 52. Re1+ Kf5 53.
Nd5 Rc5 54. Rf1+ Kg5 55. Nf4 Be3+ 56. Kb2 Bxf4 57. h4+ Kg4 58. Rg1+ Kf5 59. Rxg6 Be5+ 0-1